 Dungeon Crawl Stone Soup version 0.19.0-19-g8c6edcc (webtiles) character file.

11421 Charly the Cleaver (level 11, -2/151 HPs)
             Began as a Minotaur Berserker on Nov 15, 2016.
             Was an Elder of Trog.
             Shot with a bolt by an orc warrior (27 damage)
             ... on level 2 of the Orcish Mines.
             The game lasted 00:23:23 (2400 turns).

Charly the Cleaver (Minotaur Berserker)             Turns: 2400, Time: 00:23:24

Health: -2/151     AC: 15    Str: 26    XL:     11   Next: 49%
Magic:  10/10      EV: 12    Int:  4    God:    Trog [****..]
Gold:   392        SH:  0    Dex: 14    Spells: 0 memorised, 10 levels left

rFire  + . .     SeeInvis .     a - +2 battleaxe
rCold  + . .     Gourm    .     e - +1 plate armour {rC+}
rNeg   + . .     Faith    .     (shield currently unavailable)
rPois  .         Spirit   .     (helmet restricted)
rElec  .         Reflect  .     (no cloak)
rCorr  .         Harm     .     (no gloves)
MR     ++...                    (no boots)
Stlth  ..........               C - amulet of magic regeneration
                                x - ring of protection from fire
                                n - ring of positive energy

@: berserking (expiring), regenerating, very quick
A: retaliatory headbutt, horns 2
a: Berserk, Trog's Hand, Brothers in Arms, Burn Spellbooks, Renounce Religion


You were on level 2 of the Orcish Mines.
You worshipped Trog.
Trog was greatly pleased with you.
You were very hungry.

You visited 2 branches of the dungeon, and saw 17 of its levels.

You collected 392 gold pieces.

Inventory:

Hand Weapons
 a - a +2 battleaxe (weapon)
 E - a +0 blowgun
Missiles
 F - 7 curare-tipped needles
Armour
 e - a +1 plate armour of cold resistance (worn)
 q - a +1 scale mail of poison resistance
Rods
 i - a +0 rod of clouds (12/12)
   (You found it on level 11 of the Dungeon)
Jewellery
 n - a ring of positive energy (left hand)
 x - a ring of protection from fire (right hand)
 C - an amulet of magic regeneration (around neck)
Wands
 p - a wand of confusion (0/48)
 r - a wand of slowing (25/48)
 y - a wand of digging (12/24)
Scrolls
 b - 2 scrolls of remove curse {unknown}
 f - 2 scrolls of amnesia {unknown}
 k - a scroll of random uselessness {unknown}
 l - 2 scrolls of teleportation {unknown}
 s - 3 scrolls of blinking {unknown}
 t - 2 scrolls of enchant armour {unknown}
 w - 2 scrolls of fog {unknown}
 B - 2 scrolls of fear {unknown}
 D - a scroll of recharging {unknown}
Potions
 d - 2 potions of heal wounds
 g - 2 potions of lignification
 h - 2 potions of invisibility
 j - 2 potions of curing
 o - a potion of flight
 u - a potion of brilliance
 z - a potion of mutation
 A - a potion of berserk rage
Comestibles
 c - 3 bread rations
 m - 2 meat rations


   Skills:
 + Level 10.5 Fighting
 * Level 14.6 Axes
 + Level 9.2 Armour
 + Level 8.8 Dodging


You had 10 spell levels left.
You didn't know any spells.

Dungeon Overview and Level Annotations

Branches:
Dungeon (15/15)            Temple (0/1) D:4            Lair (0/6) D:11
    Orc (2/2) D:12
    Elf: Orc:2       Vaults: D:13-14     Depths: D:15

Altars:


Innate Abilities, Weirdness & Mutations

You reflexively headbutt those who attack you in melee.
You have a pair of horns on your head.


Message History

You chop the orc warrior into pieces!!!
You kill the orc warrior!
Trog accepts your kill.
Unknown command.
Unknown command.
You closely miss the orc warrior. You headbutt the orc warrior!
The orc warrior is moderately wounded.
The orc warrior hits you with a broad axe!
* * * LOW HITPOINT WARNING * * *
Unknown command.
You slash the orc warrior! You headbutt the orc warrior!
The orc warrior is almost dead.
Unknown command.
You slice the orc warrior!!
You kill the orc warrior!
Trog accepts your kill.
The orc warrior unwields an uncursed broad axe.
The orc warrior wields an arbalest.
The orc warrior shoots a bolt.
The bolt hits you!!
You die...

..# ........# ##
........#.# #.#
.........#.## #.#
..........#)## #.#
.........###)###.#
..$....... ##.#.#
.........#####)#
.........#..#@##
..#.##....o)##
###(....##
###.....o##
#.....<##########
........(.........
.........((.......
...###...##..##..#
.≈≈ #≈≈.. .....


You could see 2 orc warriors.

Vanquished Creatures
  2 tengu warriors (D:13)
  Sonja (D:13)
  A hill giant (D:11)
  A wolf spider zombie (D:12)
  An orc knight (Orc:1)
  A cyclops (D:14)
  Psyche (D:8)
  A tengu conjurer (D:13)
  2 trolls
  A hornet (D:12)
  A two-headed ogre (D:11)
  2 hippogriffs
  Sigmund (D:2)
  A wraith (D:10)
  Grum (D:8)
  A warg (D:12)
  3 sky beasts
  A water moccasin (D:9)
  16 orc warriors
  An ice beast (D:13)
  3 ogres
  3 wolves (D:8)
  14 centaurs
  A big kobold (D:9)
  5 bullfrogs
  A scorpion (D:9)
  10 killer bees
  7 wights
  A howler monkey (D:12)
  2 jellies
  2 crimson imps
  2 centaur zombies
  A bullfrog zombie (D:5)
  A hound (D:8)
  An orc priest (Orc:1)
  2 bullfrog skeletons
  6 orc wizards
  5 worker ants
  A howler monkey zombie (D:8)
  5 adders
  4 gnolls (D:5)
  An ooze (D:2)
  A leopard gecko (D:5)
  22 orcs
  A bat (D:3)
  2 hobgoblins (D:3)
  4 jackals (D:5)
  3 quokkas
  3 kobolds (D:9)
  A quokka zombie (D:6)
155 creatures vanquished.

Vanquished Creatures (others)
  5 fungi (D:11)
  A plant (D:11)
6 creatures vanquished.

Grand Total: 161 creatures vanquished

Notes
Turn   | Place    | Note
-------+----------+-------------------------------------------
     0 | D:1      | Charly the Minotaur Berserker began the quest for the Orb.
     0 | D:1      | Reached XP level 1. HP: 19/19 MP: 0/0
     9 | D:2      | Noticed Sigmund
    16 | D:2      | Killed Sigmund
    16 | D:2      | Reached skill level 7 in Axes
    16 | D:2      | Reached XP level 2. HP: 26/26 MP: 1/1
    16 | D:2      | Reached XP level 3. HP: 31/31 MP: 2/2
    16 | D:2      | Reached XP level 4. HP: 39/39 MP: 3/3
    16 | D:2      | Reached XP level 5. HP: 45/45 MP: 4/4
   100 | D:4      | Found a staircase to the Ecumenical Temple.
   118 | D:5      | Entered Level 5 of the Dungeon
   268 | D:6      | Reached skill level 8 in Axes
   268 | D:6      | Reached XP level 6. HP: 37/52 MP: 5/5
   278 | D:6      | Noticed a sky beast
   287 | D:6      | Killed a sky beast
   392 | D:5      | Reached ** piety under Trog
   433 | D:5      | Reached skill level 5 in Fighting
   433 | D:5      | Reached XP level 7. HP: 39/61 MP: 6/6
   436 | D:5      | Reached skill level 9 in Axes
   622 | D:8      | Noticed Grum
   631 | D:8      | Killed Grum
   633 | D:8      | Reached XP level 8. HP: 25/70 MP: 7/7
   666 | D:7      | Reached skill level 10 in Axes
   758 | D:8      | Noticed Psyche
   773 | D:8      | Killed Psyche
   773 | D:8      | Reached skill level 5 in Armour
   823 | D:9      | Noticed a hippogriff
   835 | D:9      | Killed a hippogriff
   835 | D:9      | Reached skill level 11 in Axes
   835 | D:9      | Reached skill level 5 in Dodging
   835 | D:9      | Reached XP level 9. HP: 44/79 MP: 8/8
   941 | D:10     | Entered Level 10 of the Dungeon
  1202 | D:11     | Noticed a red ugly thing
  1222 | D:11     | Noticed a hill giant
  1245 | D:11     | Killed a hill giant
  1245 | D:11     | Reached skill level 12 in Axes
  1341 | D:12     | Reached *** piety under Trog
  1346 | D:12     | Reached XP level 10. HP: 50/88 MP: 9/9
  1579 | D:13     | Noticed Sonja
  1651 | D:13     | Noticed a tengu warrior
  1653 | D:13     | Noticed a tengu warrior
  1661 | D:13     | Killed a tengu warrior
  1661 | D:13     | Reached skill level 13 in Axes
  1669 | D:13     | Killed a tengu warrior
  1740 | D:13     | Killed Sonja
  1816 | D:14     | Noticed a cyclops
  1834 | D:14     | Killed a cyclops
  1850 | D:15     | Entered Level 15 of the Dungeon
  2050 | D:12     | Found a staircase to the Orcish Mines.
  2062 | D:12     | Reached XP level 11. HP: 99/99 MP: 10/10
  2065 | D:12     | Reached skill level 14 in Axes
  2137 | Orc:1    | Entered Level 1 of the Orcish Mines
  2137 | Orc:1    | Noticed an orc knight
  2146 | Orc:1    | Killed an orc knight
  2146 | Orc:1    | Reached skill level 10 in Fighting
  2148 | Orc:1    | Received a gift from Trog
  2178 | Orc:1    | Reached **** piety under Trog
  2233 | Orc:2    | Entered Level 2 of the Orcish Mines
  2400 | Orc:2    | Shot with a bolt by an orc warrior

Skill      XL: |  1  2  3  4  5  6  7  8  9 10 11 |
---------------+----------------------------------+-----
Axes           | 7 8 9 11 12 13 14 | 14.6
Fighting       | 4 5 7 8 9 10 | 10.5
Armour         | 3 5 7 8 9 |  9.2
Dodging        | 3 5 6 8 |  8.8

Action                   |  1- 3 |  4- 6 |  7- 9 | 10-12 || total
-------------------------+-------+-------+-------+-------++-------
Melee: Hand axe          |     4 |    42 |   156 |   105 ||   307
       Headbutt          |       |     5 |    43 |    49 ||    97
       Battleaxe         |       |       |       |   107 ||   107
Invok: Berserk           |     1 |     4 |     8 |     9 ||    22
       Trog's Hand       |       |     1 |     5 |     5 ||    11
       Burn Spellbooks   |       |       |     1 |       ||     1
Evoke: Wand              |       |       |     4 |    10 ||    14
  Use: Scroll            |       |       |     7 |     3 ||    10
       Potion            |       |       |       |     2 ||     2
 Stab: Confused          |       |       |       |     2 ||     2
       Invisible         |       |       |       |     3 ||     3
  Eat: Chunk             |       |     3 |    13 |    12 ||    28
       Beef jerky        |       |       |       |     1 ||     1
Armor: Animal skin       |     1 |       |       |       ||     1
       Ring mail         |       |     4 |       |       ||     4
       Scale mail        |       |     7 |    45 |    35 ||    87
       Plate armour      |       |       |       |    16 ||    16
Dodge: Dodged            |     3 |    41 |    99 |   129 ||   272
